 Dungeon Crawl Stone Soup version 0.32-a0-898-g7811c86cf0 (webtiles) character file.

Game seed: 6385537682154711092

245 Autsider the Caller (level 6, -3/32 HPs)
             Began as a Tengu Summoner on Apr 4, 2024.
             Slain by Sigmund
             ... wielding a +0 scythe
              (11 damage)
             ... on level 4 of the Dungeon.
             The game lasted 00:08:34 (2921 turns).

Autsider the Caller (Tengu Summoner)                Turns: 2921, Time: 00:08:36

Health: -3/32      AC:  2    Str:  9    XL:     6   Next: 10%
Magic:  21/22      EV: 11    Int: 17    God:
Gold:   207        SH:  0    Dex: 14    Spells: 5/13 levels left

rFire   . . .        o - +0 dagger (venom)
rCold   + . .        (no shield)
rNeg    . . .        d - +0 robe {rC+}
rPois   .            (helmet restricted)
rElec   .            (no cloak)
rCorr   .            (no gloves)
SInv    .            (boots unavailable)
Will    .....        (no amulet)
Stlth   ++           p - ring of magical power
HPRegen 0.25/turn    (no ring)
MPRegen 0.18/turn

%: acrobat
@: inugami summoned
A: beak, talons 3, acrobatic
a: no special abilities


You were on level 4 of the Dungeon.
You visited 1 branch of the dungeon, and saw 4 of its levels.

You collected 207 gold pieces.

Inventory:

Hand Weapons
 n - a +0 vampiric dagger
 o - a +0 dagger of venom (weapon)
Armour
 d - a +0 robe of cold resistance (worn)
Jewellery
 p - a ring of magical power (left hand)
Scrolls
 e - 7 scrolls of identify {unknown}
 f - 2 scrolls of enchant weapon {unknown}
 h - a scroll of torment {unknown}
 i - a scroll of noise {unknown}
 k - 2 scrolls of vulnerability {unknown}
 q - 2 scrolls of teleportation {unknown}
Potions
 a - a potion of invisibility {unknown}
 b - 2 potions of magic
 c - a potion of brilliance {unknown}
 g - 3 potions of curing {unknown}
 j - a potion of lignification {unknown}
 l - a potion of enlightenment {unknown}
 m - a potion of berserk rage {unknown}
 r - 2 potions of heal wounds {unknown}
 s - a potion of mutation {unknown}


   Skills:
 - Level 2.1 Dodging
 - Level 2.0 Stealth
 + Level 4.0 Spellcasting
 + Level 6.6 Summonings
 * Level 2.3 Fire Magic


You had 5 spell levels left.
You knew the following spells:

 Your Spells              Type           Power      Damage    Failure   Level
a - Summon Small Mammal   Summ           100%       N/A       1%          1
b - Summon Blazeheart Go  Fire/Summ      18%        N/A       26%         4
A - Call Canine Familiar  Summ           26%        N/A       3%          3

Your spell library contained the following spells:

 Spells                   Type           Power      Damage    Failure   Level
 Call Imp                 Summ           52%        N/A       1%          2
 Magic Dart               Conj           12%        1d3       16%         1
 Searing Ray              Conj           6%         2d4       24%         2
 Static Discharge         Conj/Air       6%         3-4/arc   24%         2
 Summon Lightning Spire   Summ/Air       14%        N/A       38%         4
 Airstrike                Air            1%         2d(1-17)  83%         4
 Fulminant Prism          Conj/Alch      1%         3d5       83%         4


Dungeon Overview and Level Annotations

Branches:
Dungeon (4/15)
 Temple: D:4-7

Altars:

Annotations:
D:4 Robin, Sigmund


Innate Abilities, Weirdness & Mutations

You have a beak for a mouth.
You have claws for feet.
You can magically evade attacks while moving or waiting.


Message History

Your kick misses the hound. Your peck misses the hound.
The hound is heavily wounded.
The hound closely misses you.
You hit the hound.
The hound looks as sick as possible!
You claw the hound. Your peck misses the hound.
The hound is almost dead.
You kill the hound!
Something barely misses your inugami.
You are confused.
Your Fire Magic skill increases to level 2!
You have reached level 6!
You bump into the rock wall.
You bump into the rock wall.
Something hits your inugami.
Okay, then.
You are too confused!
You hear some strange, mumbled words.
You are more confused.
You bump into the rock wall.
You hear some strange, mumbled words.
Something tries to affect you, but you resist.
You bump into the rock wall.
Your inugami hits the hobgoblin.
The hobgoblin dies!
Your Spellcasting skill increases to level 4!
The hobgoblin hits your inugami but does no damage.
Something misses you.
Your inugami barely misses the hobgoblin.
You bump into the rock wall.
The hobgoblin barely misses your inugami.
Your inugami hits the hobgoblin.
The hobgoblin dies!
You completely miss something.
You hear some strange, mumbled words.
A magic dart appears from out of thin air!
The magic dart hits you.
* * * LOW HITPOINT WARNING * * *
You bump into the rock wall.
You feel less confused. Something hits you but does no damage.
You barely miss something. You claw something. Something hits you!
You die...

##### #...# ###### #...# #...#
#....# #...#####...# #....#
#...........# .# #....#
###.#####.### #.#. ## #....# #.#
#.#####.#. .# #....###### #.#
#.#.....#.
.###....##...#####.#####.#.###.#.
.g.'....'..$.gh{@................
.###....##.#.#####.#######.#.#.#.
.# #....##.#.#####.#######.#...#.
.'...............................
.#######.#.#.#####.#######.####..
@# ..#.#.# #.# #+# #.. ..
.....#.# #.# ##.. ..g ......#.#
#.# #... #..g g.h.#.# #.# ##)#


You could see a goblin and a friendly inugami (summoned).

Vanquished Creatures
  A hound (D:4)
  An orc priest (D:3)
  An adder (D:4)
  3 orcs
  A ball python (D:3)
  3 endoplasms
  3 hobgoblins
  3 quokkas
  6 bats
  2 frilled lizards
  4 kobolds
  7 rats
35 creatures vanquished.

Vanquished Creatures (collateral kills)
  A hound (D:4)
  2 orc wizards (D:3)
  2 adders
  A dart slug (D:1)
  4 orcs
  5 ball pythons
  A bat (D:1)
  5 endoplasms
  7 goblins
  5 hobgoblins
  A jackal (D:1)
  4 rats
38 creatures vanquished.

Grand Total: 73 creatures vanquished

Notes
Turn   | Place    | Note
-------+----------+-------------------------------------------
     0 | D:1      | Autsider the Tengu Summoner began the quest for the Orb.
     0 | D:1      | Reached XP level 1. HP: 10/10 MP: 4/4
   318 | D:1      | Reached skill level 5 in Summonings
   333 | D:1      | Reached XP level 2. HP: 8/15 MP: 4/6
   718 | D:1      | Found a faded altar of an unknown god.
   884 | D:1      | Reached XP level 3. HP: 17/19 MP: 7/7
   888 | D:1      | Learned a level 3 spell: Call Canine Familiar
  2001 | D:3      | Reached XP level 4. HP: 18/24 MP: 9/9
  2050 | D:3      | Reached skill level 6 in Summonings
  2066 | D:3      | Reached XP level 5. HP: 24/28 MP: 6/11
  2439 | D:3      | Learned a level 4 spell: Summon Blazeheart Golem
  2545 | D:4      | HP: 1/27 [orc priest/divine providence (17)]
  2550 | D:3      | Reached skill level 1 in Fire Magic
  2828 | D:4      | Noticed Robin
  2887 | D:4      | Noticed Sigmund
  2910 | D:4      | Reached XP level 6. HP: 10/32 MP: 12/12
  2921 | D:4      | Slain by Sigmund

Illustrated notes

Levels and vault maps discovered:
D:1:      lemuel_arrival_muddy, layout_loops_corners,
          shapermc_ecumenical_altar_ellora, minmay_pentomino_r4
D:2:      layout_basic
D:3:      layout_rooms
D:4:      layout_basic, lemuel_zombie_altar_yredelemnul, st_stairs_2,
          uniq_robin, uniq_sigmund

Skill      XL: |  1  2  3  4  5  6 |
---------------+-------------------+-----
Summonings     | 5 6 |  6.6
Spellcasting   | 3 4 |  4.0
Fire Magic     | 2 |  2.3
Dodging        | |  2.1
Stealth        | |  2.0

Action                     |  1- 3 |  4- 6 || total
---------------------------+-------+-------++-------
  Melee: Unarmed           |    56 |       ||    56
         Peck              |     9 |     7 ||    16
         Kick              |    14 |    14 ||    28
         Dagger            |    15 |    38 ||    53
   Cast: Summon Small Mamm |    17 |       ||    17
         Call Canine Famil |     7 |     6 ||    13
   Stab: Sleeping          |     2 |     3 ||     5
 Armour: Robe              |    33 |    24 ||    57
  Dodge: Dodged            |    70 |    34 ||   104

Table legend: (Time is in decaauts)
 A = Elapsed time spent in this place.
 B = Non-inter-level travel time spent in this place.
 C = Inter-level travel time spent in this place.
 D = Time resting spent in this place.
 E = Time spent auto-exploring this place.
 F = Levels seen in this place.
 G = Mean time per level.
                   A        B        C        D        E       F      G
               +--------+--------+--------+--------+--------+-----+--------+
         Total |   2922 |   2869 |     53 |    122 |   2122 |   4 |  730.5 |
       Dungeon |   2922 |   2869 |     53 |    122 |   2122 |   4 |  730.5 |
               +--------+--------+--------+--------+--------+-----+--------+

Top non-repeatable levels by time:
     D:1: 1303 daAuts
     D:3: 695 daAuts
     D:2: 633 daAuts
     D:4: 291 daAuts
